 Dungeon Sprint DCSS version 0.26-a0-712-ga5a9c9c9d0 (webtiles) character file.

Game seed: 18332296226837844808

65076 TerrariaFan the Hoplite (level 15, -22/109 HPs)
             Began as a Gargoyle Fighter on Oct 31, 2020.
             Was the Champion of Makhleb.
             Annihilated by Mebe the pandemonium lord (47 damage)
             ... in the Dungeon (Sprint V: "Ziggurat Sprint").
             The game lasted 00:10:55 (1363 turns).

TerrariaFan the Hoplite (Gargoyle Fighter)          Turns: 1363, Time: 00:10:55

Health: -22/109    AC: 32    Str: 24 (25) XL:     15   Next: 15%
Magic:  13/13      EV:  4    Int: 10      God:    Makhleb [******]
Gold:   0          SH: 36    Dex:  6 (7)  Spells: 13/14 levels left

rFire    . . .     SeeInvis .   y - +7 Screaming Sword {vorpal, sonic wave}
rCold    . . .     Faith    .   A - +18 shield of the Gong {rElec rN+ MR+ EV-5}
rNeg     + + .     Spirit   .   z - +15 Maxwell's patent armour {-Cast -Tele rElec MR+ rCorr}
rPois    ∞         Reflect  .   (no helmet)
rElec    +         Harm     .   (no cloak)
rCorr    +         Rampage  .   (no gloves)
MR       +++..     NoTele   +   (no boots) Stlth ..........NoCast +
                                (no amulet)
HPRegen  0.28/turn              (no ring)
MPRegen  0.13/turn              (no ring)

@: corroded, flying
A: big wings, clumsy 1, deterioration 1, low mp 1, negative energy resistance 1,
electricity resistance, unbreathing, petrification resistance, rot immunity,
MP-powered wands, AC +11
a: Stop Flying, Minor Destruction, Lesser Servant of Makhleb, Major Destruction,
Greater Servant of Makhleb, Renounce Religion


You were in the Dungeon.
You worshipped Makhleb.
Makhleb was exalted by your worship.
You visited 1 branch

Inventory:

Hand Weapons
 a - a +0 flail
 y - the +7 Screaming Sword (weapon) {vorpal, sonic wave}
   (You found it in the Dungeon)

   It inflicts extra damage upon your enemies.
Armour
 b - a +0 scale mail
 c - a +0 kite shield
 z - the +15 Maxwell's patent armour (worn) {-Cast -Tele rElec MR+ rCorr}
   (You found it in the Dungeon)

   It insulates you from electricity.
   It affects your resistance to hostile enchantments.
   It prevents spellcasting.
   It prevents most forms of teleportation.
   It provides partial protection from all sources of acid and corrosion.
 A - the +18 shield of the Gong (worn) {rElec rN+ MR+ EV-5}
   (You found it in the Dungeon)

   It affects your evasion (-5).
   It insulates you from electricity.
   It protects you from negative energy.
   It affects your resistance to hostile enchantments.
 F - the +8 orange crystal plate armour {Archmagi, Int+3 Clar}
   (You found it in the Dungeon)

   It affects your intelligence (+3).
   It protects you against confusion.
Jewellery
 C - the ring "Hices" {Ice Str-5 Dex+5 Stlth+}
   (You found it in the Dungeon)

   [ring of ice]

   It enhances your ice magic.
   It affects your strength (-5).
   It affects your dexterity (+5).
   It makes you vulnerable to fire.
   It protects you from cold.
   It makes you more stealthy.
 D - the ring "Vouwup" {rN+ rCorr}
   (You found it in the Dungeon)

   [ring of resist corrosion]

   It protects you from negative energy.
   It provides partial protection from all sources of acid and corrosion.
 E - an uncursed ring of ice
 H - an uncursed amulet of faith
 I - the ring of Gyeteaf {Wiz +Blink MR- Int+3}
   (You took it off a wight in the Dungeon)

   [ring of wizardry]

   It improves your spell success rate.
   It affects your intelligence (+3).
   It affects your resistance to hostile enchantments.
   It lets you blink.
Wands
 v - a wand of disintegration (7)
 w - a wand of iceblast (7)
 x - a wand of acid (6)
Scrolls
 j - 4 scrolls of blinking
 p - 4 scrolls of amnesia
 q - 7 scrolls of fog
 r - a scroll of holy word
 s - 5 scrolls of identify
 t - 5 scrolls of remove curse
 u - 2 scrolls of fear
 B - a scroll of brand weapon
Potions
 d - 6 potions of might
 e - 9 potions of curing
 f - 11 potions of heal wounds
 g - 6 potions of haste
 h - 7 potions of magic
 i - 3 potions of berserk rage
 k - 2 potions of brilliance
 l - 2 potions of invisibility
 m - 4 potions of resistance
 n - a potion of experience
 o - 6 potions of stabbing
Miscellaneous
 G - a condenser vane (2/2)


   Skills:
 + Level 18.6 Fighting
 + Level 17.6 Long Blades
 + Level 5.8 Maces & Flails
 + Level 18.5 Armour
 + Level 4.8 Dodging
 + Level 0.7 Stealth
 + Level 26.6 Shields
 + Level 0.1 Evocations


You had 13 spell levels left.
You knew the following spells:

 Your Spells              Type           Power        Failure   Level
a - Sandblast             Erth           #.....       93%         1

Your spell library contained the following spells:

 Spells                   Type           Power        Failure   Level
 Passwall                 Tmut/Erth      #.......     98%         2
 Stone Arrow              Conj/Erth      #.....       100%        3
 Petrify                  Tmut/Erth      #.......     100%        4
 Bolt of Magma            Conj/Fire/Erth #.........   100%        5
 Iskenderun's Battlesphe  Conj           #.......     100%        5
 Lee's Rapid Deconstruct  Erth           #.........   100%        5
 Iron Shot                Conj/Erth      #.........   100%        6
 Orb of Destruction       Conj           #.........   100%        7
 Spellforged Servitor     Conj/Summ      #.........   100%        7


Dungeon Overview and Level Annotations

Branches:
Dungeon (1/1)

Altars:
Ashenzari
Cheibriados
Dithmenos
Elyvilon
Fedhas
Gozag
Hepliaklqana
Kikubaaqudgha
Makhleb
Nemelex Xobeh
Okawaru
Qazlal
Ru
Sif Muna
Trog
Uskayaw
Vehumet
Wu Jian
Xom
Yredelemnul
Zin
The Shining One
Beogh
Jiyva
Lugonu


Innate Abilities, Weirdness & Mutations

You are resistant to torment.
Your stone body is resilient. (AC +11)
You are immune to poison.
Your large and strong wings let you fly indefinitely.
You resist negative energy. (rN+)
You are resistant to electric shocks. (rElec)
You can survive without breathing.
You are immune to petrification.
You are immune to rotting.
You are clumsy. (Dex -2)
Your body sometimes deteriorates upon taking damage.
Your magical capacity is low. (-10% MP)
You expend magic power (3 MP) to strengthen your wands.


Message History

The Screaming Sword screams, "I WILL SING THE SONG THAT ENDS THE WORLD!"
You send a blast of sound all around you.
Mebe is blasted.
Mebe is heavily wounded. x2
Mebe completely misses you.
You feel much better. Mebe tentacle-slaps you. Mebe corrodes you!
Mebe tentacle-slaps you. Mebe corrodes you!
Press: ? - help, v - describe, . - travel
Here: Mebe (heavily wounded)
The floor.
You slash Mebe!
Mebe is heavily wounded.
You block Mebe's attack.
BONNNG!
You hit Mebe but do no damage.
Mebe is heavily wounded.
You block Mebe's attack.
SHROANNG!
Mebe tentacle-slaps you!!!
You die...

..|.[).)|):|"..▓..........
..)|:|[?:!|)=..▓..........
......":[......▓..........
▓.....).........▓..........
▓...............▓..........
▓...............▓..▓.......
▓...............▓.▓.▓.....▓
▓...............▓..▓.......
▓........&@.....▓..........
▓...▓.......▓...▓......©...
▓..▓▓▓.....▓▓▓..▓▓▓▓▓▓▓▓▓▓▓
▓...▓.......▓...▓.....8©8..
▓...............▓.")|}).:).
▓.......©.......▓..|[}[)}:}
▓▓▓▓▓▓▓▓▓▓▓▓▓▓▓▓▓..........
▓....)..).. ▓....).)...


You could see Mebe.

Vanquished Creatures
  A pandemonium lord (D)
  2 bone dragons (D)
  2 acid blobs (D)
  2 tentacled starspawn (D)
  An azure jelly (D)
  A cacodemon (D)
  3 reapers (D)
  A ghoul (D)
  2 vampire knights (D)
  A corrupter (D)
  5 death oozes (D)
  4 great orbs of eyes (D)
  2 hydras (D)
  A rakshasa (D)
  A spriggan air mage (D)
  A two-headed ogre (D)
  A thrashing horror (D)
  3 spriggan berserkers (D)
  A soul eater (D)
  4 skeletal warriors (D)
  2 wretched stars (D)
  A glowing orange brain (D)
  A necromancer (D)
  A wolf spider (D)
  6 shining eyes (D)
  3 draconians (D)
  A rust devil (D)
  A naga mage (D)
  3 eyes of devastation (D)
  4 cane toads (D)
  3 orange demons (D)
  A hellion (D)
  A tormentor (D)
  4 guardian mummies (D)
  An efreet (D)
  3 ice devils (D)
  2 red devils (D)
  2 jumping spiders (D)
  2 raiju (D)
  A blink frog (D)
  19 slime creatures (D)
  A water elemental (D)
  A wraith (D)
  2 ynoxinuls (D)
  2 tarantellas (D)
  2 shadows (D)
  5 yaks (D)
  A wyvern (D)
  4 basilisks (D)
  A fire bat (D)
  2 golden eyes (D)
  A naga (D)
  3 large abominations (D)
  A hell hound (D)
  2 floating eyes (D)
  4 water moccasins (D)
  A necrophage (D)
  A phantom (D)
  3 ogres (D)
  4 bullfrogs (D)
  6 scorpions (D)
  2 small abominations (D)
  2 wights (D)
  4 starcursed masses (D)
  5 jellies (D)
  3 iron imps (D)
  3 iguanas (D)
  5 mummies (D)
  An adder (D)
  2 river rats (D)
  A white imp (D)
  An ufetubus (D)
  4 oozes (D)
  A spectral adder (D)
  5 adder zombies (D)
  An adder skeleton (D)
  3 ball pythons (D)
  4 bat skeletons (D)
  4 bat zombies (D)
  2 ball python skeletons (D)
  A giant cockroach zombie (D)
  A jackal skeleton (D)
  A leopard gecko skeleton (D)
  2 leopard gecko zombies (D)
  A quokka skeleton (D)
  A spectral ball python (D)
  4 starspawn tentacles (D)
212 creatures vanquished.

Vanquished Creatures (others)
  A green death (D)
  An infernal demonspawn (D)
  A rust devil (D)
  An orange demon (D)
  2 bat zombies (D)
  2 starspawn tentacles (D)
8 creatures vanquished.

Grand Total: 220 creatures vanquished

Notes
Turn   | Place    | Note
-------+----------+-------------------------------------------
     0 | D        | TerrariaFan the Gargoyle Fighter began the quest for the
                  | Orb.
     0 | D        | Reached XP level 1. HP: 14/14 MP: 1/1
     0 | D        | Found a shimmering blue altar of Sif Muna.
     0 | D        | Found a bloodstained altar of Trog.
     0 | D        | Found a sacrificial altar of Ru.
     0 | D        | Found a stormy altar of Qazlal.
     0 | D        | Found an iron altar of Okawaru.
     1 | D        | Found a sparkling altar of Nemelex Xobeh.
     1 | D        | Found a blossoming altar of Fedhas.
     2 | D        | Found the +6 Majin-Bo {vamp, MP+6 Int+6}
     2 | D        | Found the +9 heavy crossbow "Sniper" {vorpal, Acc+∞ SInv}
     2 | D        | Found the +10 dark maul {vorpal}
     2 | D        | Found the +15 Maxwell's patent armour {-Cast -Tele rElec
                  | MR+ rCorr}
     2 | D        | Found the +18 shield of the Gong {rElec rN+ MR+ EV-5}
     2 | D        | Found the cursed +14 obsidian axe {vorpal, +Fly SInv
                  | *Curse}
     2 | D        | Found the +7 great mace "Firestarter" {inner flame, rF++}
     2 | D        | Found the +6 shillelagh "Devastator" {shatter}
     2 | D        | Found the +11 plutonium sword {*Contam Stlth-}
     2 | D        | Found the +8 lance "Wyrmbane" {slay drac, rPois rF+ rC+
                  | AC+3}
     2 | D        | Found the +9 sword of Zonguldrok {reap}
     2 | D        | Found the cursed +13 scythe of Curses {drain, *Curse}
     2 | D        | Found the +0 sword of Power
     2 | D        | Found the +7 mace of Variability {chain chaos}
     2 | D        | Found the +7 Singing Sword {vorpal, sonic wave}
     2 | D        | Found the +8 storm bow {elec, penet}
     3 | D        | Found a transporter.
     3 | D        | Found an ancient bone altar of Kikubaaqudgha.
     3 | D        | Found a viscous altar of Jiyva.
     3 | D        | Found a corrupted altar of Lugonu.
     3 | D        | Found a hazy altar of Hepliaklqana.
     3 | D        | Found a burning altar of Makhleb.
     3 | D        | Found an opulent altar of Gozag.
   189 | D        | Became a worshipper of Makhleb the Destroyer
   198 | D        | Entered arena 2.
   198 | D        | Noticed a water moccasin
   198 | D        | Found a transporter.
   199 | D        | Killed a water moccasin
   199 | D        | Reached skill level 6 in Shields
   199 | D        | Reached XP level 2. HP: 22/22 MP: 2/2
   199 | D        | Reached XP level 3. HP: 27/27 MP: 3/3
   199 | D        | Reached XP level 4. HP: 32/32 MP: 4/4
   205 | D        | Entered arena 3.
   205 | D        | Noticed a draconian
   205 | D        | Noticed a draconian
   205 | D        | Noticed a draconian
   205 | D        | Found a transporter.
   206 | D        | Identified the +6 war axe of the Vulture {speed, rC- MR+++
                  | Str+4 Stlth+}
   210 | D        | Killed a draconian
   210 | D        | Reached * piety under Makhleb
   210 | D        | Reached skill level 9 in Shields
   210 | D        | Reached XP level 5. HP: 40/41 MP: 5/5
   210 | D        | Reached XP level 6. HP: 44/46 MP: 6/6
   210 | D        | Reached XP level 7. HP: 49/51 MP: 7/7
   210 | D        | Killed a draconian
   210 | D        | Reached skill level 10 in Fighting
   210 | D        | Reached skill level 10 in Armour
   210 | D        | Reached skill level 10 in Shields
   213 | D        | Killed a draconian
   213 | D        | Reached skill level 5 in Maces & Flails
   213 | D        | Reached XP level 8. HP: 58/59 MP: 8/8
   224 | D        | Entered arena 4.
   224 | D        | Noticed a jumping spider
   224 | D        | Found a transporter.
   226 | D        | Reached ** piety under Makhleb
   226 | D        | Reached skill level 11 in Shields
   232 | D        | Killed a jumping spider
   241 | D        | Entered arena 5.
   241 | D        | Noticed a two-headed ogre
   241 | D        | Found a transporter.
   244 | D        | Reached *** piety under Makhleb
   247 | D        | Reached XP level 9. HP: 63/65 MP: 9/9
   248 | D        | Killed a two-headed ogre
   248 | D        | Reached skill level 5 in Long Blades
   248 | D        | Reached skill level 12 in Shields
   254 | D        | Got the ring "Hices" {Ice Str-5 Dex+5 Stlth+}
   257 | D        | Entered arena 6.
   257 | D        | Found a transporter.
   259 | D        | Reached **** piety under Makhleb
   271 | D        | Reached ***** piety under Makhleb
   271 | D        | Reached skill level 13 in Shields
   283 | D        | Learned a level 1 spell: Sandblast
   306 | D        | Entered arena 7.
   306 | D        | Noticed a cane toad
   307 | D        | Found a transporter.
   316 | D        | Killed a cane toad
   317 | D        | Reached XP level 10. HP: 72/72 MP: 10/10
   323 | D        | Got the ring "Vouwup" {rN+ rCorr}
   325 | D        | Entered arena 8.
   328 | D        | Reached ****** piety under Makhleb
   336 | D        | Found a transporter.
   348 | D        | Entered arena 9.
   348 | D        | Noticed a wolf spider
   349 | D        | Found a transporter.
   352 | D        | Reached skill level 14 in Shields
   355 | D        | Killed a wolf spider
   375 | D        | Entered arena 10.
   375 | D        | Noticed a naga mage
   375 | D        | Noticed a naga mage
   376 | D        | Found a transporter.
   379 | D        | Reached skill level 15 in Shields
   381 | D        | Killed a naga mage
   390 | D        | Entered arena 11.
   390 | D        | Noticed a six-headed hydra
   390 | D        | Noticed a cane toad
   391 | D        | Found a transporter.
   397 | D        | Killed a cane toad
   397 | D        | Reached skill level 16 in Shields
   402 | D        | Killed an eight-headed hydra
   402 | D        | Reached skill level 1 in Dodging
   402 | D        | Reached XP level 11. HP: 78/78 MP: 11/11
   498 | D        | Entered arena 12.
   498 | D        | Noticed a five-headed hydra
   498 | D        | Noticed a spriggan berserker
   498 | D        | Noticed a spriggan air mage
   499 | D        | Identified the cursed +3 spear of Vanity {venom, rC++}
   499 | D        | Identified the +5 dagger "Tovetu" {freeze, rElec rF+ Str+2}
   499 | D        | Noticed a spriggan berserker
   499 | D        | Noticed a spriggan berserker
   500 | D        | Found the +8 orange crystal plate armour {Archmagi, Int+3
                  | Clar}
   500 | D        | Found a transporter.
   506 | D        | HP: 2/78 [spriggan berserker/the cursed +3 spear of Vanity
                  | {venom, rC++} (8)]
   509 | D        | Reached skill level 10 in Long Blades
   510 | D        | Killed a spriggan berserker
   510 | D        | Reached skill level 17 in Shields
   510 | D        | Killed a spriggan air mage
   511 | D        | Killed a spriggan berserker
   511 | D        | Killed a five-headed hydra
   511 | D        | Reached skill level 18 in Shields
   511 | D        | Killed a spriggan berserker
   546 | D        | Entered arena 13.
   548 | D        | Found the +7 lajatang of Order {silver, rMut}
   548 | D        | Found a transporter.
   568 | D        | Entered arena 14.
   664 | D        | Noticed a ghoul
   665 | D        | Noticed a soul eater
   666 | D        | Found the amulet of the Air {Inacc +Fly rElec EV+5 RMsl}
   666 | D        | Found a transporter.
   680 | D        | Killed a ghoul
   680 | D        | Reached XP level 12. HP: 63/86 MP: 12/12
   685 | D        | Killed a soul eater
   685 | D        | Reached skill level 19 in Shields
   722 | D        | Entered arena 15.
   723 | D        | Noticed a green death
   723 | D        | Noticed a cacodemon
   723 | D        | Noticed Pepumen the pandemonium lord
   723 | D        | Noticed a torturous corrupter
   725 | D        | Found a transporter.
   726 | D        | Noticed a deep elf high priest
   730 | D        | Reached skill level 15 in Armour
   732 | D        | Killed a green death
   734 | D        | Killed a torturous corrupter
   734 | D        | Gained mutation: You expend magic power (3 MP) to
                  | strengthen your wands. [a cacodemon]
   735 | D        | Killed a cacodemon
   740 | D        | Killed Pepumen the pandemonium lord
   740 | D        | Reached skill level 15 in Fighting
   740 | D        | Reached skill level 20 in Shields
   767 | D        | Entered arena 16.
   768 | D        | Noticed a great orb of eyes
   768 | D        | Noticed a great orb of eyes
   769 | D        | Noticed an azure jelly
   769 | D        | Noticed a death ooze
   770 | D        | Found a transporter.
   775 | D        | Killed a great orb of eyes
   775 | D        | Reached XP level 13. HP: 92/92 MP: 13/13
   776 | D        | Killed a death ooze
   776 | D        | Reached skill level 21 in Shields
   778 | D        | Killed a great orb of eyes
   780 | D        | Killed an azure jelly
   805 | D        | Entered arena 17.
   808 | D        | Noticed a vampire knight
   809 | D        | Identified the ring of Gyeteaf {Wiz +Blink MR- Int+3}
   809 | D        | Noticed a vampire knight
   810 | D        | Found the amulet of Vitality {Regen+ HP+15}
   810 | D        | Found a transporter.
   832 | D        | Killed a vampire knight
   836 | D        | Killed a vampire knight
   836 | D        | Reached skill level 22 in Shields
   965 | D        | Entered arena 18.
   968 | D        | Noticed a death ooze
   968 | D        | Noticed a great orb of eyes
   969 | D        | Found the ring of the Octopus King {MP+9 AC+1 EV+1 Str+1
                  | Int+1 Dex+1}
   969 | D        | Noticed an acid blob
   969 | D        | Noticed an acid blob
   969 | D        | Noticed a death ooze
   969 | D        | Paralysed by a floating eye for 4 turns
   975 | D        | Killed a death ooze
   976 | D        | Killed a great orb of eyes
   976 | D        | Reached skill level 15 in Long Blades
   977 | D        | Gained mutation: Your body sometimes deteriorates upon
                  | taking damage. [a shining eye]
   979 | D        | Killed a death ooze
   979 | D        | Killed an acid blob
   980 | D        | Found a transporter.
   988 | D        | Killed an acid blob
   988 | D        | Reached skill level 23 in Shields
   988 | D        | Gained mutation: Your large and strong wings let you fly
                  | indefinitely. [Gargoyle growth]
   988 | D        | Reached XP level 14. HP: 95/100 MP: 14/14
  1120 | D        | Entered arena 19.
  1123 | D        | Noticed a reaper
  1123 | D        | Noticed a reaper
  1123 | D        | Noticed a reaper
  1124 | D        | Identified the +4 plate armour "Irphephew" {rPois}
  1126 | D        | Found a transporter.
  1130 | D        | Killed a reaper
  1146 | D        | Killed a reaper
  1150 | D        | Killed a reaper
  1150 | D        | Reached skill level 24 in Shields
  1258 | D        | Entered arena 20.
  1267 | D        | Gained mutation: You are clumsy. (Dex -2) [a shining eye]
  1269 | D        | Found the +10 morningstar "Eos" {elec, Halo rElec}
  1269 | D        | Found a transporter.
  1275 | D        | Gained mutation: Your magical capacity is low. (-10% MP) [a
                  | shining eye]
  1301 | D        | Entered arena 21.
  1335 | D        | Noticed a bone dragon
  1335 | D        | Noticed a starcursed mass
  1336 | D        | Found the brooch of Shielding {Spirit SH+8}
  1336 | D        | Noticed Mebe the pandemonium lord
  1336 | D        | Noticed a tentacled starspawn
  1336 | D        | Noticed a bone dragon
  1337 | D        | Noticed a tentacled starspawn
  1338 | D        | Found the +8 demon blade "Leech" {vamp, *Rage +Rage rN+}
  1341 | D        | Reached skill level 25 in Shields
  1344 | D        | Killed a tentacled starspawn
  1349 | D        | Killed a tentacled starspawn
  1352 | D        | Killed a bone dragon
  1352 | D        | Reached skill level 26 in Shields
  1352 | D        | Reached XP level 15. HP: 109/109 MP: 13/13
  1354 | D        | Killed a bone dragon
  1359 | D        | HP: 3/109 [Mebe the pandemonium lord (37)]
  1363 | D        | Annihilated by Mebe the pandemonium lord

Illustrated notes

Levels and vault maps discovered:
D:        sprint_v [room_start, room_1, room_2, room_3, room_4, room_5, room_6,
          room_7, room_8, room_9, room_10, room_11, room_12, room_13, room_14,
          room_15, room_16, room_17, room_18, room_19, room_20, room_21,
          room_22, room_23, room_24, room_25, room_26, room_27]

Skill      XL: |  1  2  3  4  5  6  7  8  9 10 11 12 13 14 |
---------------+-------------------------------------------+-----
Fighting       | 6 9 10 11 12 13 14 15 16 18 | 18.6
Maces & Flails | 3 4 5 |  5.8
Armour         | 6 9 11 12 13 14 16 17 18 | 18.5
Shields        | 6 9 10 11 13 16 18 20 23 26 | 26.6
Long Blades    | 2 3 4 7 9 11 13 15 17 | 17.6
Dodging        | 1 2 4 |  4.8
Stealth        | |  0.7
Evocations     | |  0.1

Action                   |  1- 3 |  4- 6 |  7- 9 | 10-12 | 13-15 || total
-------------------------+-------+-------+-------+-------+-------++-------
Melee: Double sword      |     1 |     3 |    27 |    80 |    83 ||   194
 Abil: Fly               |       |       |       |       |     1 ||     1
Evoke: Wand              |     1 |       |       |       |       ||     1
  Use: Potion            |       |       |       |     3 |     1 ||     4
Armor: Plate armour      |     1 |     3 |    32 |   113 |    72 ||   221
Dodge: Dodged            |       |       |     2 |     8 |     8 ||    18
Block: Kite shield       |       |     7 |    68 |   194 |   201 ||   470
       Rpst.: Double sword |       |       |       |     1 |     2 ||     3

Table legend: (Time is in decaauts)
 A = Elapsed time spent in this place.
 B = Non-inter-level travel time spent in this place.
 C = Inter-level travel time spent in this place.
 D = Time resting spent in this place.
 E = Time spent auto-exploring this place.
 F = Levels seen in this place.
 G = Mean time per level.
                   A        B        C        D        E       F      G
               +--------+--------+--------+--------+--------+-----+--------+
         Total |   1349 |   1349 |      0 |    715 |      0 |   1 | 1349.0 |
       Dungeon |   1349 |   1349 |      0 |    715 |      0 |   1 | 1349.0 |
               +--------+--------+--------+--------+--------+-----+--------+

Top non-repeatable levels by time:
       D: 1349 daAuts
